 Dungeon Crawl Stone Soup version 0.24-a0-516-g9de272b (webtiles) character file.

Game seed: 2086740119581303096

272193 Fortuna the Warrior (level 19, -4/159 HPs)
             Began as a Demonspawn Berserker on July 20, 2019.
             Was the Champion of Trog.
             Slain by Mennas
             ... wielding a +5 trishula of holy wrath
              (6 damage)
             ... on level 2 of the Vaults on July 21, 2019.
             The game lasted 02:56:01 (45990 turns).

Fortuna the Warrior (Demonspawn Berserker)         Turns: 45990, Time: 02:56:01

Health: -4/159     AC: 24    Str: 32    XL:     19   Next: 47%
Magic:  0/21       EV: 17    Int:  9    God:    Trog [******]
Gold:   625        SH: 18    Dex: 17    Spells: 18/18 levels left

rFire    . . .     SeeInvis +     - Unarmed
rCold    + . .     Gourm    .   R - +2 shield
rNeg     . . .     Faith    .   G - +4 plate armour {MR+}
rPois    +         Spirit   +   (helmet unavailable)
rElec    .         Reflect  +   y - +2 cloak {MR+}
rCorr    .         Harm     .   (gloves unavailable)
MR       +++..                  (boots unavailable)
Stlth    ..........             H - +3 amulet of reflection
HPRegen  0.36/turn              T - ring "Nixijoh" {rC+ Str+4 Dex+4 Slay+5}
MPRegen  0.34/turn              M - ring "Ydouliwk" {+Fly rPois Str+3 Slay+3 SInv}

@: very slightly contaminated, glowing
A: antennae 3, claws 3, hooves 3, nightstalker 2, magic shield, magic
regeneration
}: 2/15 runes: decaying, serpentine
a: Berserk, Trog's Hand, Brothers in Arms, Renounce Religion, Evoke Flight


You were on level 2 of the Vaults.
You worshipped Trog.
Trog was exalted by your worship.
You were not hungry.

You visited 7 branches of the dungeon, and saw 34 of its levels.
You also visited: Sewer, Gauntlet and Ice Cave.

You collected 3768 gold pieces.
You spent 3143 gold pieces at shops.

Inventory:

Hand Weapons
 a - a +4 demon whip of electrocution
Missiles
 v - 28 poisoned darts (quivered)
 E - 27 silver javelins
 K - 6 silver boomerangs
 L - 3 atropa-tipped darts
 N - 9 curare-tipped darts
Armour
 y - a +2 cloak of magic resistance (worn)
 G - a +4 plate armour of magic resistance (worn)
 R - a +2 shield (worn)
Jewellery
 H - a +3 amulet of reflection (around neck)
 M - the ring "Ydouliwk" (right claw) {+Fly rPois Str+3 Slay+3 SInv}
   (You bought it in a shop on level 2 of the Orcish Mines)

   [ring of strength]

   It affects your strength (+3).
   It affects your accuracy and damage with ranged weapons and melee attacks
   (+3).
   It protects you from poison.
   It lets you see invisible.
   It lets you fly.
 S - the ring of Gujav {rC+ MR+}
   (You found it on level 11 of the Dungeon)

   [ring of protection from cold]

   It protects you from cold.
   It affects your resistance to hostile enchantments.
 T - the ring "Nixijoh" (left claw) {rC+ Str+4 Dex+4 Slay+5}
   (You found it on level 11 of the Dungeon)

   [ring of slaying]

   It affects your strength (+4).
   It affects your dexterity (+4).
   It affects your accuracy and damage with ranged weapons and melee attacks
   (+5).
   It protects you from cold.
 V - an uncursed ring of protection from fire
Wands
 d - a wand of digging (11)
 n - a wand of polymorph (7)
 o - a wand of paralysis (5)
 t - a wand of acid (17)
 z - a wand of flame (27)
 I - a wand of iceblast (30)
Scrolls
 i - 24 scrolls of teleportation
 m - 15 scrolls of remove curse
 A - 2 scrolls of fog
 B - 3 scrolls of magic mapping
 C - 3 scrolls of blinking
 D - 2 scrolls of summoning
 F - 3 scrolls of immolation
 O - 6 scrolls of fear
 P - 4 scrolls of enchant weapon
 X - a scroll of brand weapon
Potions
 b - 3 potions of ambrosia
 e - 11 potions of lignification
 g - 16 potions of curing
 h - 7 potions of magic
 j - a potion of agility
 k - 5 potions of might
 l - 7 potions of heal wounds
 p - 5 potions of mutation
 r - 3 potions of resistance
 s - 6 potions of haste
 u - 2 potions of invisibility
 w - 7 potions of flight
 J - a potion of berserk rage
 Q - 2 potions of cancellation
Miscellaneous
 x - a lamp of fire
Comestibles
 c - 35 rations
 f - 9 chunks of flesh


   Skills:
 + Level 16.8 Fighting
 - Level 3.4 Maces & Flails
 - Level 5.0 Throwing
 + Level 15.1 Armour
 + Level 14.7 Dodging
 * Level 10.2 Shields
 + Level 15.5 Unarmed Combat
 - Level 3.0 Evocations


You had 18 spell levels left.
You didn't know any spells.
Your spell library was empty.

Dungeon Overview and Level Annotations

Branches:
Dungeon (15/15)            Temple (0/1) D:5            Lair (6/6) D:11
  Swamp (4/4) Lair:2        Snake (4/4) Lair:3        Slime (0/5) Lair:5
    Orc (2/2) D:10            Elf (1/3) Orc:2        Vaults (1/5) D:13
 Depths (0/5) D:15

Altars:
Ashenzari
Dithmenos
Elyvilon
Fedhas
Gozag
Makhleb
Nemelex Xobeh
Qazlal
Ru
Sif Muna
The Shining One
Jiyva

Shops:
D:7 }:(*   D:10 [*:*[   D:12 *   D:15 (   Orc:1 *   Orc:2 *[=(   Swamp:2 *
Snake:2 (

Annotations:
D:5 2 transporters, exclusion: downstairs, danspanner's ghost, novice TeFi
D:11 1 runed translucent door
Vaults:2 Mennas


Innate Abilities, Weirdness & Mutations

You have a pair of large antennae on your head. (SInv)
You have claws for hands.
You have hooves in place of feet.
You are significantly more attuned to the shadows.
When hurt, damage is shared between your health and your magic reserves.
You regenerate magic rapidly.


Message History

You block Mennas's attack.
Mennas gestures frantically.
Mennas's surroundings become eerily quiet.
Items here: [ ††† a +0 troll leather armour; an ugly thing corpse; a deep troll corpse x2
Mennas is caught in a moment of prayer.
Found a stone staircase leading up.
There is an open door here.
You block Mennas's attack.
Mennas hits you from afar with a +5 trishula of holy wrath!
* * * LOW HITPOINT WARNING * * *
You convulse.
* * * LOW HITPOINT WARNING * * *
Mennas completely misses you. You block Mennas's attack.
There is a stone staircase leading up here.
Mennas becomes audible again.
You block Mennas's attack.
Mennas hits you from afar with a +5 trishula of holy wrath.
* * * LOW HITPOINT WARNING * * *
You convulse!
You die...

***+******** **,,,,,**
,,,,,,,,,,,* *,,,*,,,*
,,,,,,,,,,,*****,***,****
,,,,,,,,,,,**,#...#,,,*,**
,,,,,,,,,,,*,,,...,,,,,,,*
,,,,,,,,,,,+.,*...*,..*,,*
,,,,,,,,,,,#.###.###.#**,*
,,,,,,,,,,,#..#...#...*,,*
,,,,,,,,,,,+....@......,,*
,,,,,,,,,,,##.#...#...#,**
,,,,,,,,,,,***##A###.##**
,,,,,,,,,,{* #...#...#
,,,,,,,,,,,* ##.....#*
,,,,,,,,,,{* ###'#######
,,,,,,,,,,,* #)[......#
,,,,,,,,,,,* #†.......#
,,,,,,,,,,,* #........#


You could see Mennas.

Vanquished Creatures
  the Lernaean hydra (Swamp:4)
  A thorn hunter (Swamp:4)
  18 nagarajas
  A frost giant (IceCv)
  Aizul (Swamp:4)
  An orc warlord (Orc:1)
  Louise (Swamp:4)
  4 vault wardens (Vaults:1)
  An ironheart preserver (Vaults:1)
  4 very ugly things
  A dire elephant (D:15)
  A fire dragon (Lair:6)
  A yaktaur captain (Vaults:1)
  11 naga warriors
  27 hydras
  A ghost crab (Swamp:3)
  A rakshasa (D:15)
  10 two-headed ogres
  A shambling mangrove (Swamp:1)
  2 vault guards (Vaults:1)
  2 centaur warriors
  3 catoblepae
  7 anacondas
  Erica (Lair:2)
  20 alligators
  3 ogre magi
  8 death yaks
  A deep troll earth mage (Vaults:2)
  2 deep troll shamans (Vaults:2)
  3 orc high priests
  4 tengu warriors
  6 shock serpents
  14 naga sharpshooters
  A salamander mystic (Snake:3)
  5 skeletal warriors (D:12)
  2 deep trolls (Vaults:2)
  5 unseen horrors
  3 spriggan druids
  A wizard (D:13)
  8 naga ritualists
  9 swamp dragons
  9 mana vipers
  3 ironbrand convokers (Vaults:1)
  6 deep elf magi
  3 orc knights
  9 ugly things
  3 orc sorcerers (Orc:2)
  2 wolf spiders
  5 cyclopes
  3 centaur zombies
  5 manticores
  48 black mambas
  A guardian serpent (shapeshifter) (D:11)
  10 salamanders
  10 elephants
  11 guardian serpents
  4 vault sentinels
  26 naga magi
  An ice statue (IceCv)
  3 gargoyles
  20 spiny frogs
  A kobold demonologist (D:15)
  7 rime drakes
  3 freezing wraiths
  2 yaktaurs (Vaults:1)
  A tengu conjurer (D:11)
  8 komodo dragons
  7 tyrant leeches
  14 hornets
  10 trolls
  A merfolk (D:15)
  14 polar bears
  11 bog bodies
  6 hippogriffs
  7 dream sheep (Lair:4)
  A hippogriff (shapeshifter) (Vaults:1)
  7 blink frogs
  6 slime creatures
  2 redbacks (Lair:6)
  7 spriggans
  2 shadows
  4 vampires
  12 wyverns
  54 yaks
  A golden eye (shapeshifter) (D:10)
  4 wraiths
  2 basilisks
  5 steam dragons
  2 hungry ghosts
  11 vampire mosquitoes
  A soldier ant (D:10)
  2 acid dragons
  18 swamp worms
  13 insubstantial wisps
  49 nagas
  17 water moccasins
  8 porcupines
  13 swamp drakes
  2 sky beasts
  30 orc warriors
  A phantom (D:4)
  A black bear (Lair:4)
  4 ice beasts
  12 ogres
  5 boggarts (D:15)
  2 eyes of draining
  16 centaurs
  2 necrophages
  17 wolves
  5 big kobolds
  13 crocodiles
  15 bullfrogs
  A wyvern zombie (D:14)
  3 scorpions
  A wyvern skeleton (D:11)
  3 killer bees (D:11)
  5 wights (D:10)
  4 howler monkeys
  13 crimson imps
  A bullfrog zombie (D:12)
  4 bullfrog skeletons
  13 hounds
  4 jellies
  27 orc priests
  6 centaur skeletons
  7 iguanas
  9 worker ants
  Natasha (twice) (D:3)
  29 orc wizards
  A hound zombie (D:10)
  2 hound skeletons
  A worker ant zombie (D:7)
  Robin (D:1)
  6 gnolls
  15 adders
  A river rat (Sewer)
  6 shadow imps
  12 white imps (Lair:4)
  2 oozes
  2 adder skeletons
  An adder zombie (D:8)
  5 worms
  4 dart slugs
  13 leopard geckos
  99 orcs
  6 giant cockroaches
  12 goblins
  7 hobgoblins
  12 jackals
  4 quokkas
  5 ball pythons
  4 bats
  5 frilled lizards
  17 kobolds
  A leopard gecko skeleton (D:5)
  A quokka skeleton (D:4)
  A quokka zombie (D:8)
  10 rats
1225 creatures vanquished.

Vanquished Creatures (collateral kills)
  An ironheart preserver (Vaults:2)
  An orc high priest (Orc:2)
  The ghost of Caerwyn the Shield-Bearer, a novice DrFi of Ashenzari (D:7)
  3 orc knights (Orc:2)
  An orc sorcerer (Orc:2)
  2 ugly things (Vaults:2)
  A gargoyle (D:10)
  A freezing wraith (D:10)
  A troll (D:10)
  2 dream sheep (D:10)
  2 yaks (D:10)
  12 orc warriors
  A sky beast (D:10)
  A black bear (D:7)
  2 ogres
  4 big kobolds (D:10)
  2 gnoll sergeants
  A crimson imp (D:10)
  A quasit (D:10)
  A jelly (D:10)
  3 orc priests (Orc:2)
  3 orc wizards (Orc:2)
  A worker ant (D:7)
  4 gnolls
  A leopard gecko (D:7)
  10 orcs
63 creatures vanquished.

Vanquished Creatures (others)
  Nessos (D:14)
  2 centaur warriors
  2 naga sharpshooters
  A naga ritualist (Snake:4)
  A polar bear (IceCv)
  A yak (IceCv)
  A naga (Snake:3)
  6 wolves (IceCv)
  A centaur (D:12)
  Jessica (D:3)
  10 fungi
  25 plants
  12 withered plants (Gauntlet)
64 creatures vanquished.

Grand Total: 1352 creatures vanquished

Notes
Turn   | Place    | Note
-------+----------+-------------------------------------------
     0 | D:1      | Fortuna the Demonspawn Berserker began the quest for the
                  | Orb.
     0 | D:1      | Reached XP level 1. HP: 18/18 MP: 1/1
   469 | D:1      | Gained mutation: You have sharp fingernails. [demonic
                  | ancestry]
   469 | D:1      | Reached XP level 2. HP: 24/24 MP: 2/2
   685 | D:2      | Noticed Robin
   901 | D:1      | Killed Robin
   901 | D:1      | Gained mutation: You have a pair of small antennae on your
                  | head. [demonic ancestry]
   901 | D:1      | Reached XP level 3. HP: 23/29 MP: 3/3
  1069 | D:2      | Found a stormy altar of Qazlal.
  1108 | D:2      | Reached ** piety under Trog
  1248 | D:2      | Found a burning altar of Makhleb.
  1254 | D:2      | Gained mutation: You have very sharp fingernails. [demonic
                  | ancestry]
  1254 | D:2      | Reached XP level 4. HP: 29/37 MP: 4/4
  1752 | D:2      | Found a blossoming altar of Fedhas.
  2252 | D:3      | Gained mutation: You have a pair of antennae on your head.
                  | [demonic ancestry]
  2252 | D:3      | Reached XP level 5. HP: 42/42 MP: 5/5
  2256 | D:3      | Upgraded the game from 0.24-a0-513-g284f782 to
                  | 0.24-a0-516-g9de272b
  2375 | D:3      | Reached skill level 1 in Shields
  2447 | D:3      | Reached skill level 4 in Fighting
  2453 | D:3      | Killed Jessica
  2454 | D:3      | Reached *** piety under Trog
  2699 | D:3      | Found a stormy altar of Qazlal.
  2776 | D:3      | Noticed an ogre
  2784 | D:3      | Killed an ogre
  2784 | D:3      | Reached skill level 1 in Unarmed Combat
  2784 | D:3      | Gained mutation: When hurt, damage is shared between your
                  | health and your magic reserves. [demonic ancestry]
  2784 | D:3      | Reached XP level 6. HP: 39/48 MP: 6/6
  3033 | D:3      | Noticed Natasha
  3043 | D:3      | Killed Natasha
  3302 | D:3      | Noticed Natasha
  3311 | D:3      | Killed Natasha
  3597 | D:4      | Found a shattered altar of Ashenzari.
  3814 | D:4      | Gained mutation: You have large cloven feet. [demonic
                  | ancestry]
  3814 | D:4      | Reached XP level 7. HP: 55/55 MP: 7/7
  4052 | D:5      | Entered Level 5 of the Dungeon
  4126 | D:5      | Found a staircase to the Ecumenical Temple.
  4352 | D:4      | Reached skill level 5 in Fighting
  4454 | D:5      | Reached **** piety under Trog
  4480 | D:5      | Found a deep blue altar of Sif Muna.
  4480 | D:5      | Found a sacrificial altar of Ru.
  4480 | D:5      | Found a shadowy altar of Dithmenos.
  4489 | D:5      | Found a white marble altar of Elyvilon.
  4661 | D:5      | Noticed danspanner's ghost (novice TeFi)
  4663 | D:5      | Noticed a hornet
  4683 | D:5      | Found a transporter.
  4687 | D:5      | Found a transporter.
  4866 | D:6      | Gained mutation: You are slightly more attuned to the
                  | shadows. [demonic ancestry]
  4866 | D:6      | Reached XP level 8. HP: 62/62 MP: 8/8
  5212 | D:6      | Found a glowing drain.
  5228 | Sewer    | Entered a sewer
  5429 | Sewer    | Reached skill level 1 in Throwing
  5600 | D:6      | Reached skill level 6 in Fighting
  5741 | D:6      | Reached skill level 5 in Armour
  5857 | D:6      | Reached skill level 5 in Unarmed Combat
  5912 | D:6      | Reached XP level 9. HP: 70/70 MP: 9/9
  6041 | D:6      | Found a sparkling altar of Nemelex Xobeh.
  6047 | D:6      | Reached ***** piety under Trog
  6094 | D:7      | Noticed Caerwyn's ghost (novice DrFi)
  6095 | D:7      | Found a runed translucent gate.
  6095 | D:7      | Found a runed translucent gate.
  6095 | D:7      | Found a runed translucent gate.
  6117 | D:7      | Killed Caerwyn's ghost
  6232 | D:7      | Found Ceabi's Antique Weapon Shoppe.
  6257 | D:7      | Found Esiufenlao's Book Shop.
  6419 | D:7      | Found Baveu's Gadget Shoppe.
  6513 | D:7      | Found an opulent altar of Gozag.
  6535 | D:7      | Reached skill level 7 in Fighting
  7055 | D:7      | Found Ykum Divepn's General Store.
  7073 | D:7      | Bought a scroll of blinking for 105 gold pieces
  7073 | D:7      | Bought a potion of resistance for 140 gold pieces
  7073 | D:7      | Bought a scroll of summoning for 133 gold pieces
  7073 | D:7      | Bought a scroll of identify for 28 gold pieces
  8107 | D:8      | Reached XP level 10. HP: 79/79 MP: 10/10
  8494 | D:9      | Reached skill level 5 in Dodging
  8647 | D:9      | Reached skill level 1 in Evocations
  8909 | D:10     | Entered Level 10 of the Dungeon
  8933 | D:10     | Found Xyrelisch's Assorted Antiques.
  8951 | D:10     | Reached skill level 8 in Fighting
  8980 | D:10     | Bought a scroll of identify for 48 gold pieces
  9077 | D:10     | Noticed a two-headed ogre
  9099 | D:10     | Killed a two-headed ogre
  9288 | D:10     | Found Voxtuin's Armour Shop.
  9317 | D:10     | Received a gift from Trog
  9338 | D:10     | Found Roocecw's Antique Armour Shop.
  9361 | D:10     | Found Buxinum's Assorted Antiques.
  9371 | D:10     | Found Ukaoxocu's Book Boutique.
  9578 | D:10     | HP: 1/82 [freezing wraith (7)]
  9579 | D:10     | Received a gift from Trog
  9586 | D:10     | Noticed a gargoyle
  9589 | D:10     | Killed a gargoyle
  9589 | D:10     | Gained mutation: You regenerate magic rapidly. [demonic
                  | ancestry]
  9589 | D:10     | Reached XP level 11. HP: 13/87 MP: 2/13
  9595 | D:10     | Noticed a brown ugly thing
  9788 | D:10     | Killed a brown ugly thing
  9978 | D:10     | Found a staircase to the Orcish Mines.
 10034 | D:10     | Reached skill level 9 in Fighting
 10159 | D:10     | Identified the cursed +3 halberd of Bloodstone {freeze,
                  | MP+9}
 10160 | D:10     | Noticed a two-headed hydra
 10172 | D:10     | Killed a two-headed hydra
 10447 | Orc:1    | Entered Level 1 of the Orcish Mines
 10833 | Orc:1    | Found Ralmufag's Retail Resort.
 10837 | Orc:1    | Bought a +3 amulet of reflection for 219 gold pieces
 10862 | Orc:2    | Entered Level 2 of the Orcish Mines
 10862 | Orc:2    | Found a gate leading to a gauntlet.
 11042 | Orc:2    | Noticed an orc sorcerer
 11042 | Orc:2    | Noticed an orc high priest
 11042 | Orc:2    | Noticed an orc warlord
 11042 | Orc:2    | Noticed an orc knight
 11043 | Orc:2    | Noticed an orc knight
 11043 | Orc:2    | Noticed an orc knight
 11044 | Orc:2    | Noticed an orc sorcerer
 11177 | Orc:2    | Noticed an orc knight
 11189 | Orc:2    | Killed an orc knight
 11264 | Orc:2    | Found a staircase to the Elven Halls.
 11276 | Gauntlet | Entered a Gauntlet
 11276 | Gauntlet | Noticed a cyan ugly thing
 11277 | Gauntlet | Found a transporter.
 11313 | Gauntlet | Noticed a death drake
 11314 | Gauntlet | Found a transporter.
 11332 | Gauntlet | Found a transporter.
 11336 | Gauntlet | Found a transporter.
 11336 | Gauntlet | Noticed a great orb of eyes
 11338 | Gauntlet | Found a transporter.
 11338 | Gauntlet | Noticed a fire crab
 11345 | Gauntlet | Found a transporter.
 11352 | Gauntlet | Found a transporter.
 11369 | Gauntlet | Noticed an oklob plant
 11374 | Gauntlet | Found a transporter.
 11393 | Gauntlet | Found a transporter.
 11415 | Gauntlet | Found a transporter.
 11415 | Gauntlet | Noticed a death scarab
 11433 | Gauntlet | Found a transporter.
 11441 | Gauntlet | Found a transporter.
 11532 | Orc:2    | Killed an orc knight
 11612 | Orc:1    | Killed an orc high priest
 12145 | Orc:2    | Noticed a sun demon
 12146 | Orc:2    | Killed an orc sorcerer
 12200 | Orc:2    | Noticed an orc high priest
 12222 | Orc:2    | Noticed a sun demon
 12686 | Orc:1    | Received a gift from Trog
 12864 | Orc:2    | Killed an orc high priest
 12864 | Orc:2    | Reached skill level 10 in Fighting
 12864 | Orc:2    | Gained mutation: You have hoof-like feet. [demonic
                  | ancestry]
 12864 | Orc:2    | Reached XP level 12. HP: 97/97 MP: 12/14
 13000 | Orc:1    | Noticed an orc high priest
 13239 | Orc:2    | Noticed an orc high priest
 13242 | Orc:2    | Killed an orc high priest
 13360 | Orc:1    | Killed an orc warlord
 13598 | Orc:2    | Killed an orc high priest
 14540 | Orc:2    | Found Cusmailebu's General Store.
 14540 | Orc:2    | Found Neutoll's Jewellery Emporium.
 14542 | Orc:2    | Found Atuar's Antique Armour Emporium.
 14542 | Orc:2    | Found Vuimitt's Antique Weapon Shoppe.
 14557 | Orc:2    | Bought the ring "Ydouliwk" {+Fly rPois Str+3 Slay+3 SInv}
                  | for 549 gold pieces
 14676 | Elf:1    | Entered Level 1 of the Elven Halls
 14688 | Elf:1    | Received a gift from Trog
 15434 | D:11     | Found a staircase to the Lair.
 15710 | D:11     | Reached skill level 11 in Fighting
 15802 | D:11     | Found a runed translucent door.
 15802 | D:11     | Found a runed translucent door.
 15802 | D:11     | Noticed a centaur warrior
 15821 | D:11     | Killed a centaur warrior
 15821 | D:11     | Reached skill level 10 in Armour
 15988 | D:11     | Found a deep blue altar of Sif Muna.
 16172 | D:11     | Reached skill level 10 in Unarmed Combat
 16172 | D:11     | Identified the ring of Bioshym {rF+ Str-5 Int+5 Slay+2}
 16172 | D:11     | Noticed a tengu warrior
 16176 | D:11     | Killed a tengu warrior
 16218 | D:11     | Gained mutation: You are significantly more attuned to the
                  | shadows. [demonic ancestry]
 16218 | D:11     | Reached XP level 13. HP: 101/106 MP: 15/15
 16226 | D:11     | Got a slimy copper ring
 16228 | D:11     | Identified the ring of the Amoeba {Str+4 Stlth-} (You found
                  | it on level 11 of the Dungeon)
 16240 | D:11     | Got a crude granite ring
 16242 | D:11     | Identified the ring of Gujav {rC+ MR+} (You found it on
                  | level 11 of the Dungeon)
 16247 | D:11     | Got a wavering tin ring
 16249 | D:11     | Identified the ring "Nixijoh" {rC+ Str+4 Dex+4 Slay+5} (You
                  | found it on level 11 of the Dungeon)
 16433 | Lair:1   | Entered Level 1 of the Lair of Beasts
 16436 | Lair:1   | Identified a scroll of acquirement
 17155 | Lair:1   | Reached skill level 12 in Fighting
 17155 | Lair:1   | Gained mutation: You have hooves in place of feet. [demonic
                  | ancestry]
 17155 | Lair:1   | Reached XP level 14. HP: 115/115 MP: 16/16
 17329 | Lair:2   | Found a staircase to the Swamp.
 17517 | Lair:2   | Noticed Erica
 17526 | Lair:2   | Reached skill level 5 in Throwing
 17532 | Lair:2   | Killed Erica
 18378 | Lair:3   | Found a staircase to the Snake Pit.
 18482 | Lair:3   | Got an ichor-stained hat
 18493 | Lair:3   | Identified the +1 hat of Undesirable Species {Int+2} (You
                  | found it on level 3 of the Lair of Beasts)
 18817 | Lair:3   | Received a gift from Trog
 19350 | Lair:4   | Reached skill level 10 in Dodging
 19623 | Lair:4   | Found a frozen archway.
 19640 | IceCv    | Entered an ice cave
 20194 | IceCv    | Reached ****** piety under Trog
 20301 | IceCv    | Noticed a frost giant
 20317 | IceCv    | Killed a frost giant
 20749 | Lair:4   | Received a gift from Trog
 21040 | Lair:4   | Reached skill level 13 in Fighting
 21040 | Lair:4   | Gained mutation: You have a pair of large antennae on your
                  | head. (SInv) [demonic ancestry]
 21040 | Lair:4   | Reached XP level 15. HP: 123/123 MP: 17/17
 21496 | Lair:5   | Found a viscous altar of Jiyva.
 21497 | Lair:5   | Found a staircase to the Slime Pits.
 22330 | Lair:6   | Entered Level 6 of the Lair of Beasts
 22983 | Lair:5   | Received a gift from Trog
 23638 | Lair:6   | Received a gift from Trog
 23988 | Lair:6   | Found a sacrificial altar of Ru.
 24984 | Swamp:1  | Entered Level 1 of the Swamp
 26166 | Swamp:2  | Reached skill level 14 in Fighting
 26168 | Swamp:2  | Found Yqoil's Island Escapes.
 26440 | Swamp:2  | Reached XP level 16. HP: 133/133 MP: 18/18
 27359 | Swamp:2  | Bought a scroll of teleportation for 36 gold pieces
 27359 | Swamp:2  | Bought a scroll of fog for 24 gold pieces
 27359 | Swamp:2  | Bought a wand of digging (3) for 168 gold pieces
 27359 | Swamp:2  | Bought 2 potions of haste for 240 gold pieces
 27359 | Swamp:2  | Bought a scroll of blinking for 90 gold pieces
 27409 | Swamp:3  | Received a gift from Trog
 28299 | Swamp:4  | Entered Level 4 of the Swamp
 29528 | Swamp:4  | Noticed Louise
 29538 | Swamp:4  | Killed Louise
 29883 | Swamp:4  | Noticed Aizul
 29889 | Swamp:4  | Noticed a thorn hunter
 29903 | Swamp:4  | Killed Aizul
 29905 | Swamp:4  | Killed a thorn hunter
 30151 | Swamp:4  | Reached skill level 15 in Fighting
 30371 | Swamp:4  | Noticed the 27-headed Lernaean hydra
 31015 | Swamp:4  | Killed the 27-headed Lernaean hydra
 31065 | Swamp:4  | Got a decaying rune of Zot
 31221 | Snake:1  | Entered Level 1 of the Snake Pit
 31439 | Snake:1  | Gained mutation: You have claws for hands. [demonic
                  | ancestry]
 31439 | Snake:1  | Reached XP level 17. HP: 137/142 MP: 17/19
 31456 | Snake:1  | Received a gift from Trog
 33766 | Snake:2  | Found Owauv's Antique Weapon Boutique.
 34145 | Snake:2  | Received a gift from Trog
 34933 | Snake:3  | Received a gift from Trog
 36433 | Snake:4  | Entered Level 4 of the Snake Pit
 36580 | Snake:3  | Reached skill level 5 in Shields
 37228 | Snake:4  | Received a gift from Trog
 37398 | Snake:4  | Reached XP level 18. HP: 123/151 MP: 16/20
 37629 | Snake:4  | Reached skill level 16 in Fighting
 38735 | Snake:4  | Found a glowing golden altar of the Shining One.
 39523 | Snake:3  | Received a gift from Trog
 40368 | Snake:4  | Got a serpentine rune of Zot
 40697 | D:12     | Reached skill level 15 in Unarmed Combat
 41102 | D:12     | Found Womel's Assorted Antiques.
 41105 | D:12     | Bought a scroll labeled IXAPTO MOJIT for 37 gold pieces
 41105 | D:12     | Bought a potion of resistance for 370 gold pieces
 41105 | D:12     | Bought a scroll of teleportation for 111 gold pieces
 41105 | D:12     | Bought a potion of haste for 370 gold pieces
 41105 | D:12     | Bought a potion of curing for 111 gold pieces
 41206 | D:10     | Bought a scroll of enchant armour for 180 gold pieces
 41206 | D:10     | Bought a potion of curing for 72 gold pieces
 41284 | D:7      | Bought a potion of mutation for 112 gold pieces
 42000 | D:13     | Identified the +3 falchion of the Grave {speed, rC- Str+3
                  | SInv}
 42054 | D:13     | Found a gate to the Vaults.
 42264 | D:13     | Received a gift from Trog
 42766 | D:14     | Noticed Nessos
 42773 | D:14     | Killed Nessos
 43046 | D:14     | Received a gift from Trog
 43743 | D:15     | Entered Level 15 of the Dungeon
 43767 | D:15     | Found a sacrificial altar of Ru.
 44196 | D:15     | Found Ecrocsusob's Weapon Boutique.
 44355 | D:15     | Reached XP level 19. HP: 159/159 MP: 21/21
 44681 | D:15     | Found a staircase to the Depths.
 44938 | Vaults:1 | Entered Level 1 of the Vaults
 45154 | Vaults:1 | Reached skill level 15 in Armour
 45421 | Vaults:1 | Received a gift from Trog
 45759 | Vaults:1 | Reached skill level 10 in Shields
 45949 | Vaults:1 | You fall into a shaft and drop 1 floor!
 45964 | Vaults:2 | Received a gift from Trog
 45966 | Vaults:2 | Noticed Mennas
 45986 | Vaults:2 | HP: 6/159 [Mennas/+5 trishula of holy wrath (14)]
 45990 | Vaults:2 | HP: 2/159 [Mennas/+5 trishula of holy wrath (4)]
 45990 | Vaults:2 | Slain by Mennas

Levels and vault maps discovered:
D:1:      minmay_arrival_shoal_huts, layout_basic
D:2:      layout_loops_ring, makhleb_blood_cavern_becter, old_standard_altar,
          lemuel_doored_altar, uniq_robin
D:3:      layout_loops_ring, grunt_qazlal_clouds, uniq_jessica, uniq_natasha
D:4:      kennysheep_spiral_hall, layout_gridville, evilmike_ruin_ashenzari
D:5:      layout_cave_pools, minitemple, minmay_temple_entry_overgrown,
          gammafunk_ghost_hive, first_ration
D:6:      layout_loops_cross, portal_sewer_entry_f, nemelex_dance_club_becter
D:7:      layout_loops_ring, old_standard_altar, ebering_ghost_rock_garden,
          serial_shops, nicolae_shop_temple_entry_statues_fountains,
          kennysheep_little_box, nicolae_shop_competitors_out_of_business,
          nicolae_shop_trees
D:8:      layout_basic
D:9:      layout_roguey
D:10:     minmay_bloctagon, layout_rooms,
          kennysheep_orc_monster_closet_entryway, serial_shops, shop,
          nicolae_shop_crystal, shop, shop, shop, hangedman_ranch
          [blue_anna_fruit_fields], hangedman_glass_teeth, skrybe_limestone_x,
          minmay_misc_feat_rugged
D:11:     minmay_the_grid_triangle_9x9_recursive_3_mashed
          [minmay_the_grid_triangle_9x9_stretched_checkered,
          minmay_the_grid_triangle_9x9_corruption,
          minmay_the_grid_triangle_9x9_empty,
          minmay_the_grid_triangle_9x9_prize_special,
          minmay_the_grid_triangle_9x9_sprig,
          minmay_the_grid_triangle_9x9_thin_v,
          minmay_the_grid_triangle_9x9_tough_junction,
          minmay_the_grid_triangle_9x9_checkered,
          minmay_the_grid_triangle_9x9_negative_grid], layout_small_grid,
          basic_altar, chequers_serial_rivers_large_a
D:12:     layout_long_grid, serial_shops, nicolae_shop_window_shopping
D:13:     layout_layer_cave, david_vaults_1, minmay_checkerbox
D:14:     nzn_motion_control, layout_long_grid, kennysheep_crisscross,
          hangedman_decor_push, uniq_nessos
D:15:     hangedman_depths_entry_try_elsewhere_first, layout_irregular_city,
          serial_shops, nicolae_shop_statue_plus, nicolae_ru_awakened_eye
Lair:1:   layout_regular_city, grunt_megastairs_1
Lair:2:   layout_cave_pods, swamp_mist, uniq_erica
Lair:3:   layout_long_grid, minmay_snake_entry_guardpost_medium
Lair:4:   layout_roguey, portal_ice_cave_entry_imps,
          hangedman_lair_generics_rect
Lair:5:   layout_small_grid, slime_altar_1, chequers_serial_rivers_large_b,
          beast_lair_carwin_3
Lair:6:   guppyfry_lair_end_dragon, layout_cave_pods,
          hangedman_lair_tendril_chambers, fungi_pond_lemuel,
          lemuel_centaur_altar
Swamp:1:  layout_falls_marsh, evilmike_swamp_ruin_house_3
Swamp:2:  layout_basic_swamp, evilmike_swamp_ruin_house_6,
          nicolae_island_escapes
Swamp:3:  layout_basic_swamp, serial_swamp_ruin, evilmike_swamp_ruin_rubble_1,
          evilmike_swamp_ruin_rubble_2, evilmike_swamp_ruin_house_5,
          nicolae_swamp_baby_hydras, infiniplex_staircase_pool
Swamp:4:  grunt_swamp_rune_castle, layout_basic_swamp, uniq_louise, uniq_aizul
Snake:1:  layout_chambers, nrook_guardian_serpent_double, serial_bayou_shore_b
Snake:2:  layout_gridlike, serial_shops, shop, st_stairs_9
Snake:3:  layout_gridlike
Snake:4:  snake_hunt, layout_misc_corridors, basic_altar, grunt_ministairs_2,
          st_stairs_13, guppyfry_library_mini, lemuel_fruit_tree
Orc:1:    layout_caves, nicolae_alphabet_shops
Orc:2:    st_orc_congregation, layout_caves, gauntlet_entry_generic
Elf:1:    eino_elf_arrival_the_gate, layout_onion_city,
          portal_desolation_entry_nicolae_slug, basic_altar,
          minmay_elf_necromancy
Vaults:1: nicolae_vaults_inception_scallops, nicolae_vaults_border_crossing,
          grunt_vaults_swirl, vaults_room_stairs_pillars,
          hangedman_vaults_hard_town_square, vaults_room_hallway,
          nicolae_vaults_network_quinsquares
          [nicolae_vaults_network_quincunx_subvault,
          nicolae_vaults_network_quincunx_subvault,
          nicolae_vaults_network_quincunx_subvault,
          nicolae_vaults_network_quincunx_subvault], v_misc_28,
          ontoclasm_vaults_ring_large, nicolae_vaults_network_s,
          nicolae_vaults_network_star, nicolae_vaults_little_squares_6,
          vaults_room_pools, ontoclasm_vaults_shuriken, layout_vaults_ring
Vaults:2: gammafunk_vaults_ghost_crypt, nicolae_vaults_circle_grid_b,
          nicolae_vaults_hallways_thing, vaults_dpeg_encased_lava,
          nicolae_vaults_ring_of_whatevers, nicolae_vaults_alarming,
          vaults_room_pools, vaults_room_corners, layout_vaults_omnicross,
          serial_shops, shop_fountains, serial_hangedman_research,
          hangedman_research_quantum, hangedman_research_toxicology,
          infiniplex_enter_wizlab_glasses, uniq_mennas

Skill      XL: |  1  2  3  4  5  6  7  8  9 10 11 12 13 14 15 16 17 18 19 |
---------------+----------------------------------------------------------+-----
Armour         | 2 3 4 5 6 7 8 10 11 12 13 14 15 | 15.1
Dodging        | 2 3 4 6 7 9 10 11 13 14 | 14.7
Maces & Flails | 3 |  3.4
Shields        | 1 2 3 4 6 9 10 | 10.2
Fighting       | 4 5 6 7 8 10 11 12 13 14 15 16 | 16.8
Unarmed Combat | 1 2 4 5 6 7 8 10 11 12 13 14 15 | 15.5
Throwing       | 2 3 4 5 |  5.0
Evocations     | 3 |  3.0

Action                   |  1- 3 |  4- 6 |  7- 9 | 10-12 | 13-15 | 16-18 | 19-21 || total
-------------------------+-------+-------+-------+-------+-------+-------+-------++-------
Melee: Mace              |    95 |    94 |       |       |       |       |       ||   189
       Unarmed           |       |   143 |   456 |   944 |   787 |  1105 |   173 ||  3608
       Flail             |       |     3 |       |       |       |       |       ||     3
       Kick              |       |       |   120 |       |   375 |   563 |    96 ||  1154
 Fire: Hunting sling     |     2 |       |       |       |       |       |       ||     2
Throw: Stone             |       |     8 |     2 |       |       |       |       ||    10
       Dart              |       |       |       |     3 |    12 |       |       ||    15
Invok: Berserk           |       |     5 |    10 |     7 |     2 |     2 |       ||    26
       Brothers in Arms  |       |       |     1 |     8 |       |     2 |     1 ||    12
       Trog's Hand       |       |       |       |     4 |     1 |     6 |     1 ||    12
 Abil: Evoke Flight      |       |       |       |       |     1 |     1 |       ||     2
       Stop Flying       |       |       |       |       |       |     1 |       ||     1
Evoke: Wand              |       |       |       |       |       |     4 |       ||     4
       Lamp of fire      |       |       |       |       |       |     1 |       ||     1
  Use: Scroll            |       |     6 |    12 |     4 |    15 |    15 |     2 ||    54
       Potion            |       |       |       |     2 |     1 |       |     1 ||     4
 Stab: Distracted        |       |       |       |     2 |       |       |       ||     2
       Confused          |       |       |       |       |     1 |     1 |       ||     2
       Petrified         |       |       |       |       |       |     2 |       ||     2
  Eat: Chunk             |     1 |     7 |    16 |    31 |    13 |    19 |     7 ||    94
       Ration            |       |     2 |     2 |     3 |     7 |    12 |       ||    26
Armor: Chain mail        |    49 |    66 |   128 |    80 |       |       |       ||   323
       Animal skin       |     3 |       |       |       |       |       |       ||     3
       Ring mail         |     1 |       |       |       |       |       |       ||     1
       Plate armour      |       |       |       |   299 |   284 |   520 |    47 ||  1150
Dodge: Dodged            |    59 |    97 |   179 |   508 |   323 |   607 |    54 ||  1827
Block: Buckler           |       |    40 |   114 |   407 |   303 |   295 |       ||  1159
       Reflection        |       |       |       |    16 |    15 |    82 |     4 ||   117
       Shield            |       |       |       |       |       |   432 |   119 ||   551

Table legend:
 A = Non-vault XP
 B = Vault XP
 C = Vault XP percentage of total XP
 D = Non-vault monster count
 E = Vault monster count
 F = Vault count percentage of total count
                 A         B        C        D         E       F
            +---------+---------+-------+---------+---------+-------
      Total |  242766 |  151590 |  38.4 |     854 |     442 |  34.1
            +---------+---------+-------+---------+---------+-------
        D:1 |      22 |      26 |  54.2 |      12 |       7 |  36.8
        D:2 |      53 |      52 |  49.5 |      18 |       6 |  25.0
        D:3 |     348 |      35 |   9.1 |      36 |       1 |   2.7
        D:4 |     311 |     144 |  31.6 |      15 |       4 |  21.1
        D:5 |     280 |       0 |   0.0 |      12 |       0 |   0.0
        D:6 |    1172 |     144 |  10.9 |      24 |       8 |  25.0
        D:7 |    1223 |     738 |  37.6 |      29 |       1 |   3.3
        D:8 |    1192 |       0 |   0.0 |      36 |       0 |   0.0
        D:9 |    1248 |       0 |   0.0 |       9 |       0 |   0.0
       D:10 |    3656 |    5323 |  59.3 |      40 |      44 |  52.4
       D:11 |    1457 |    5032 |  77.5 |      20 |      20 |  50.0
       D:12 |    9993 |       0 |   0.0 |      40 |       0 |   0.0
       D:13 |   11492 |    2757 |  19.3 |      29 |       7 |  19.4
       D:14 |    4847 |    4028 |  45.4 |      27 |       5 |  15.6
       D:15 |   17083 |    2532 |  12.9 |      43 |       4 |   8.5
     Lair:1 |    3331 |    1251 |  27.3 |      11 |       6 |  35.3
     Lair:2 |    2025 |     918 |  31.2 |      12 |       1 |   7.7
     Lair:3 |    6103 |     494 |   7.5 |      26 |       3 |  10.3
     Lair:4 |    7986 |    2495 |  23.8 |      28 |      18 |  39.1
     Lair:5 |    5975 |    2724 |  31.3 |      18 |       6 |  25.0
     Lair:6 |   11557 |   13160 |  53.2 |      27 |      50 |  64.9
    Swamp:1 |    9070 |       0 |   0.0 |      27 |       0 |   0.0
    Swamp:2 |   16967 |       0 |   0.0 |      37 |       0 |   0.0
    Swamp:3 |    9359 |   17438 |  65.1 |      20 |      27 |  57.4
    Swamp:4 |   12558 |   11773 |  48.4 |      23 |      13 |  36.1
    Snake:1 |   14855 |     948 |   6.0 |      28 |       2 |   6.7
    Snake:2 |   21217 |     600 |   2.8 |      40 |       2 |   4.8
    Snake:3 |   20326 |    9436 |  31.7 |      43 |       7 |  14.0
    Snake:4 |   22927 |   33556 |  59.4 |      38 |      43 |  53.1
      Orc:1 |     841 |    2653 |  75.9 |      16 |      15 |  48.4
      Orc:2 |    3702 |    6340 |  63.1 |      43 |      57 |  57.0
      Elf:1 |       0 |    2270 | 100.0 |       0 |       4 | 100.0
   Vaults:1 |   12670 |   12699 |  50.1 |      16 |      17 |  51.5
   Vaults:2 |    6920 |       0 |   0.0 |      11 |       0 |   0.0
      Sewer |       0 |     272 | 100.0 |       0 |      16 | 100.0
      IceCv |       0 |   11752 | 100.0 |       0 |      48 | 100.0
            +---------+---------+-------+---------+---------+-------
